Arrhythmia, chaotic female vampiric Convict ---- ---- ------ --..---- ---..---.|..| |....|.-- |...........---- --.......| |.----.^.......| --- --.......-----|.| ---......*-- --.--- |.............|.| |...(....-- |....-- ---.|....--.---...| --........-- |....^. |...|----- % |..*. -----.....| ---.... ---.--- $ --...# -----|.....-- -----.. --...| |..-.# |..<--......-- --.---.. ----..--- --- |.>.|*# --......%....| |................. ------- --.|...-- -.- --...0# --..........-- |..............................*.||..._....|.----...-- |...#* |..........-- ------.......---..........(----..--..@.%.............-- --.. #|.......)--- |..........-- -....h.................| ## |.......-- |....%.................| # # 0 |....^.-- |......^.).....---.|..-- #* |.......| ---..........--- ------ # # --......| |..--.|.---- ### ---.|.-- ---- --- ----- Arrhythmia the Jail-bird Experience level: 6 Strength: 16 Dexterity: 14 Constitution: 16 Intelligence: 11 Wisdom: 9 Charisma: 12 Health: 0(42) Energy: 30(32) AC: 5 Gold: 487 Moves: 1740 Your Inventory: Coins $ - 487 gold pieces Weapons e - an [uncursed +0] broad pick [dwarvish mattock] Armor b - a cursed +0 striped shirt (being worn) f - an [uncursed] +1 hard hat [dwarvish iron helm] (being worn) g - an [uncursed] +0 hooded cloak [dwarvish] (being worn) h - an [uncursed] +0 pair of hard shoes [iron] (being worn) Scrolls d - an [uncursed] scroll labeled PRIRUTSENIE [of enchant weapon] i - a [blessed] unlabeled scroll [of blank paper] Iron balls c - an [uncursed] heavy iron ball (chained to you) (weapon in hand) Spells known in the end: Name Level Category Fail Memory Your skills at the end: Fighting Skills Weapon Skills sling [Basic / Skilled] Spellcasting Skills Final Attributes: You were devoutly aligned. Hunger level was -1. Your alignment was 17 / 18. Monster difficulty range was 0 - 5. Level difficulty was 4. You were immune to level-drain. You were immune to sickness. You were punished. You could fly. You could survive without air. You regenerated. Your luck was zero. You are dead. Vanquished creatures: a gnome mummy a rock mole a pony 2 gnome lords a paper golem 2 dwarves a giant bat 2 dwarf zombies a hobbit 2 manes 2 large kobolds 2 giant rats a red mold 8 gnomes 3 geckos a jackal a fox a kobold 2 goblins 7 grid bugs 2 bats 2 lichens 46 creatures vanquished. Voluntary challenges: You went without food. You were illiterate. You never hit with a wielded weapon. You put on armor 4 times. You never genocided any monsters. You never polymorphed an object. You never changed form. You used no wishes. You abstained from Elbereth's help. You never encountered a bones level. You never used any Sokoban shortcuts. Dungeon overview: The Dungeons of Doom: levels 1 to 3 Level 1 a long staircase Level 3 stairs to The Gnomish Mines The Gnomish Mines: Level 4 <- You were here stairs to The Dungeons of Doom History has recorded: On T:1 you entered the Dungeons of Doom to retrieve the Amulet of Yendor! On T:282 you reached level 2 of The Dungeons of Doom. On T:710 you advanced to experience level 2. On T:802 you advanced to experience level 3. On T:886 you reached level 3 of The Dungeons of Doom. On T:908 you advanced to experience level 4. On T:1170 you reached level 1 of The Gnomish Mines. On T:1202 you advanced to experience level 5. On T:1505 you advanced to experience level 6. Latest messages: [HP+1=38] [HP+1=39] [HP+1=40] [HP+1=41] [HP+1=42] You feel too weak from hunger to explore. (2x) You are almost hit by a dagger. You feel your magical energy drain away! You see here a rotten dwarf corpse. You can't go down here. You feel too weak from hunger to explore. The dwarf swings her long sword. The dwarf hits! [HP-19=23] You faint from lack of food. [HP+1=24] The dwarf swings her long sword. The dwarf hits! [HP-16=8] [HP+1=9] The dwarf swings her long sword. The dwarf hits! You die... Final status: Goodbye Arrhythmia the Convict... You died in The Gnomish Mines on dungeon level 4 with 1961 points, and 487 pieces of gold, after 1740 moves. You were level 6 with a maximum of 42 hit points when you died.